 Dungeon Crawl Stone Soup version 0.27-a0-808-g60bc5d92e6 (webtiles) character file.

Game seed: 13781854656553418818

114 sizableburger the Digger (level 4, -2/37 HPs)
             Began as a Deep Elf Earth Elementalist on Mar 28, 2021.
             Slain by an orc
             ... wielding a +0 flail
              (4 damage)
             ... on level 4 of the Dungeon.
             The game lasted 00:11:08 (3218 turns).

sizableburger the Digger (DEEE)                     Turns: 3218, Time: 00:11:08

Health: -2/37      AC:  3    Str:  5    XL:     4   Next: 67%
Magic:  1/11       EV: 12    Int: 21    God:
Gold:   123        SH:  0    Dex: 15    Spells: 1/10 levels left

rFire    . . .     SeeInvis .   a - +0 dagger
rCold    . . .     Faith    +   (no shield)
rNeg     . . .     Spirit   .   c - +0 robe
rPois    .         Reflect  .   (no helmet)
rElec    .         Harm     .   (no cloak)
rCorr    .         Rampage  .   (no gloves)
Will     .....                  e - +0 pair of boots
Stlth    ..........             i - amulet of faith
HPRegen  0.12/turn              (no ring)
MPRegen  0.12/turn              (no ring)

@: berserking, about to teleport, very quick
A: no striking features
a: no special abilities


You were on level 4 of the Dungeon.
You visited 1 branch of the dungeon, and saw 4 of its levels.

You collected 123 gold pieces.

Inventory:

Hand Weapons
 a - a +0 dagger (weapon)
Missiles
 b - 40 stones
Armour
 c - a +0 robe (worn)
 e - a +0 pair of boots (worn)
Jewellery
 i - an amulet of faith (around neck)
Wands
 g - a wand of random effects (13)
Scrolls
 h - 2 scrolls of fog
 j - a scroll of summoning {unknown}
Potions
 f - a potion of berserk rage


   Skills:
 - Level 1.0 Fighting
 + Level 2.0 Short Blades
 - Level 2.6 Dodging
 - Level 2.4 Stealth
 - Level 3.5 Spellcasting
 + Level 1.9 Conjurations
 + Level 1.3 Hexes
 - Level 1.4 Transmutations
 - Level 3.7 Earth Magic


You had one spell level left.
You knew the following spells:

 Your Spells              Type           Power      Damage    Failure   Level
a - Sandblast             Erth           38%        2d10      2%          1
b - Stone Arrow           Conj/Erth      30%        3d8       12%         3
c - Passwall              Tmut/Erth      11%        N/A       7%          2
d - Confusing Touch       Hex            9%         N/A       22%         3

Your spell library contained the following spells:

 Spells                   Type           Power      Damage    Failure   Level
 Corona                   Hex            10%        N/A       7%          1
 Animate Skeleton         Necr           6%         N/A       13%         1
 Apportation              Tloc           6%         N/A       13%         1
 Summon Small Mammal      Summ           12%        N/A       13%         1
 Gell's Gravitas          Tloc           1%         N/A       36%         3
 Petrify                  Tmut/Erth      14%        N/A       41%         4
 Lee's Rapid Deconstruct  Erth           9%         3d8*      58%         5
 Yara's Violent Unravell  Hex/Tmut       4%         3d4       89%         5
 Metabolic Englaciation   Hex/Ice        3%         N/A       95%         5


Dungeon Overview and Level Annotations

Branches:
Dungeon (4/15)
 Temple: D:4-7

Altars:
Cheibriados
Dithmenos
Elyvilon
Gozag
Zin

Shops:
D:3 *


Message History

Your magical contamination has completely faded away.
Found a dagger.
You see here a +0 dagger.
An orc comes into view. It is wielding a +0 flail.
An orc comes into view. It is wielding a +0 flail.
Casting: Sandblast (safe; 2% risk of failure)
Confirm with . or Enter, or press ? or * to list all spells.
Aiming: Sandblast (safe; 2% risk of failure)
Press: ? - help, Shift-Dir - straight line, f/p - hobgoblin
Aim: a hobgoblin (21% to evade)
The blast of sand hits the hobgoblin.
The hobgoblin is heavily wounded.
The orc shouts!
You hear an angry hiss.
An orc comes into view. It is wielding a +2 vorpal flail.
The hobgoblin barely misses you.
Casting: Sandblast (safe; 2% risk of failure)
Confirm with . or Enter, or press ? or * to list all spells.
Aiming: Sandblast (safe; 2% risk of failure)
Press: ? - help, Shift-Dir - straight line, f/p - hobgoblin
Aim: a hobgoblin (heavily wounded, 21% to evade)
The blast of sand misses the hobgoblin.
The orc shouts!
The hobgoblin hits you but does no damage.
Unknown command.
You hit the hobgoblin but do no damage.
The hobgoblin is heavily wounded.
An orc comes into view. It is wielding a +0 morningstar.
You barely miss the hobgoblin.
The hobgoblin is heavily wounded.
The hobgoblin hits you but does no damage.
As you read the scroll of teleportation, it crumbles to dust.
You feel strangely unstable. The hobgoblin hits you.
* * * LOW HITPOINT WARNING * * *
The orc closely misses you.
It was a potion of berserk rage.
A red film seems to cover your vision as you go berserk!
You feel yourself moving faster!
You feel mighty! The hobgoblin hits you!
* * * LOW HITPOINT WARNING * * *
The orc hits you with a +0 flail.
You die...

.#'### .....####
........ ......# ......#
......# ......#
'#.##.##################
.#......)......g@oo...o.
'####.##################
.....>.. ..####### ..#
..# ..# ..# ..#


You could see 3 orcs and a hobgoblin.

Vanquished Creatures
  An orc wizard (D:4)
  2 adders (D:2)
  A worm (D:3)
  A dart slug (D:2)
  An orc (D:4)
  3 bats
  6 endoplasms
  A giant cockroach (D:1)
  5 goblins
  3 hobgoblins
  4 jackals (D:3)
  2 quokkas (D:1)
  8 ball pythons
  11 frilled lizards
  9 kobolds
  7 rats
65 creatures vanquished.

Notes
Turn   | Place    | Note
-------+----------+-------------------------------------------
     0 | D:1      | sizableburger the Deep Elf Earth Elementalist began the
                  | quest for the Orb.
     0 | D:1      | Reached XP level 1. HP: 10/10 MP: 6/6
   132 | D:1      | Reached XP level 2. HP: 15/15 MP: 6/8
   790 | D:1      | Reached skill level 1 in Short Blades
  1126 | D:2      | Reached XP level 3. HP: 20/20 MP: 7/9
  1130 | D:2      | Learned a level 3 spell: Stone Arrow
  1234 | D:2      | Learned a level 2 spell: Passwall
  1352 | D:2      | Reached skill level 1 in Fighting
  1841 | D:2      | Found a white marble altar of Elyvilon.
  1848 | D:2      | Reached skill level 1 in Conjurations
  1977 | D:2      | Reached XP level 4. HP: 25/25 MP: 8/11
  2109 | D:3      | Found a glowing silver altar of Zin.
  2119 | D:3      | Found an opulent altar of Gozag.
  2119 | D:3      | Found a snail-covered altar of Cheibriados.
  2240 | D:3      | Found Colyf's Assorted Antiques.
  2303 | D:3      | Learned a level 3 spell: Confusing Touch
  2840 | D:4      | Found a shadowy altar of Dithmenos.
  3028 | D:4      | Noticed a bullfrog
  3071 | D:4      | Reached skill level 1 in Hexes
  3218 | D:4      | Slain by an orc

Illustrated notes

Levels and vault maps discovered:
D:1:      lemuel_arrival_river_ford, layout_basic
D:2:      layout_rooms, elyvilon_altar_5
D:3:      layout_basic, chequers_temple_overflow_statue_of_worship,
          serial_shops, nicolae_shop_behind_doors
D:4:      layout_basic, grunt_dithmenos_smoke

Skill      XL: |  1  2  3  4 |
---------------+-------------+-----
Short Blades   | 1 2 |  2.0
Fighting       | 1 |  1.0
Conjurations   | 1 |  1.9
Hexes          | 1 |  1.3
Dodging        | |  2.6
Stealth        | |  2.4
Spellcasting   | |  3.5
Transmutations | |  1.4
Earth Magic    | |  3.7

Action                   |  1- 3 |  4- 6 || total
-------------------------+-------+-------++-------
Melee: Dagger            |    35 |    46 ||    81
 Cast: Sandblast         |    50 |    12 ||    62
       Stone Arrow       |     1 |     8 ||     9
  Use: Potion            |     1 |     1 ||     2
       Scroll            |       |     5 ||     5
 Stab: Sleeping          |     8 |       ||     8
Armor: Robe              |    10 |    15 ||    25
Dodge: Dodged            |    24 |    39 ||    63

Table legend: (Time is in decaauts)
 A = Elapsed time spent in this place.
 B = Non-inter-level travel time spent in this place.
 C = Inter-level travel time spent in this place.
 D = Time resting spent in this place.
 E = Time spent auto-exploring this place.
 F = Levels seen in this place.
 G = Mean time per level.
                   A        B        C        D        E       F      G
               +--------+--------+--------+--------+--------+-----+--------+
         Total |   3216 |   3092 |    124 |    950 |   1608 |   4 |  804.0 |
       Dungeon |   3216 |   3092 |    124 |    950 |   1608 |   4 |  804.0 |
               +--------+--------+--------+--------+--------+-----+--------+

Top non-repeatable levels by time:
     D:1: 1232 daAuts
     D:2: 866 daAuts
     D:3: 740 daAuts
     D:4: 377 daAuts
